 Dungeon Crawl Stone Soup version 0.18.1-47-g9310371 (webtiles) character file.

5650 Galewin the Grappler (level 10, -2/102 HPs)
             Began as a Troll Berserker on June 19, 2016.
             Was a High Priest of Trog.
             Killed from afar by an orc wizard (4 damage)
             ... with a magic dart
             ... on level 10 of the Dungeon.
             The game lasted 00:29:21 (6344 turns).

Galewin the Grappler (Troll Berserker)              Turns: 6344, Time: 00:29:22

Health: -2/102     AC:  7    Str: 32    XL:     10   Next: 46%
Magic:  9/9        EV: 13    Int:  3    God:    Trog [*****.]
Gold:   530        SH:  0    Dex: 12    Spells: 0 memorised, 9 levels left

rFire  . . .     SeeInvis .       - Unarmed
rCold  . . .     Gourm    +     a - +1 animal skin
rNeg   . . .     Faith    .     (no shield)
rPois  .         Spirit   .     (helmet restricted)
rElec  .         Dismiss  .     k - +0 cloak
rCorr  .         Reflect  .     (gloves unavailable)
SustAt .         Harm     .     (boots unavailable)
MR     .....     Rnd*Rage +     (no amulet)
Stlth  +.........               p - +3 ring of dexterity
                                n - +2 ring of strength

@: exhausted, not resistant to hostile enchantments, very unstealthy
A: unfitting armour, claws 3, hooves 1, berserk 1, fast metabolism 3, gourmand,
regeneration 2, shaggy fur 1, tough skin 2, wild magic 1
a: Berserk, Trog's Hand, Brothers in Arms, Burn Spellbooks, Renounce Religion


You were on level 10 of the Dungeon.
You worshipped Trog.
Trog was extremely pleased with you.
You were not hungry.

You visited 1 branch of the dungeon, and saw 10 of its levels.

You collected 530 gold pieces.

Inventory:

Armour
 a - a +1 animal skin (worn)
 k - a +0 cloak (worn)
Jewellery
 j - an uncursed ring of flight {unknown}
 n - a +2 ring of strength (left claw)
 o - an uncursed ring of protection from cold
 p - a +3 ring of dexterity (right claw)
 t - a cursed -3 ring of protection {unknown}
 A - a +5 ring of strength
 C - an uncursed ring of sustain attributes
 D - an uncursed amulet of magic regeneration
Wands
 q - a wand of iceblast (7/15)
 x - a wand of lightning (15/15)
 y - a wand of random effects (18/48)
Scrolls
 c - 2 scrolls of magic mapping
 e - 4 scrolls of identify
 g - 4 scrolls of remove curse
 u - 3 scrolls of enchant weapon
Potions
 d - 5 potions of lignification
 h - a potion of flight
 i - 2 potions of agility
 l - a potion of cancellation
 m - a potion of resistance
 s - 3 potions of curing
 v - a potion of brilliance {unknown}
 z - a potion of might
 E - a potion of heal wounds {unknown}
Comestibles
 b - 7 bread rations
 f - 5 fruits
 r - 3 meat rations
 w - 5 beef jerkies
 B - 9 royal jellies
 F - 2 chunks of flesh


   Skills:
 + Level 7.1 Fighting
 + Level 6.9 Dodging
 * Level 11.4 Unarmed Combat


You had 9 spell levels left.
You didn't know any spells.

Dungeon Overview and Level Annotations

Branches:
Dungeon (10/15)            Temple (0/1) D:6
   Lair: D:8-11         Orc: D:9-12

Altars:
Ashenzari
Cheibriados
Dithmenos
Fedhas
Kikubaaqudgha
Nemelex Xobeh
Okawaru
Ru
Sif Muna
Vehumet
Yredelemnul
Zin

Shops:
D:10 %


Innate Abilities, Weirdness & Mutations

You are too large for most types of armour.
You have claws for hands.
Your metabolism is lightning-fast.
You like to eat raw meat.
You heal very quickly.
You are covered in fur (AC +1).
You have very tough skin (AC +2).
You have large cloven feet.
You tend to lose your temper in combat.
Your spells are a little harder to cast, but a little more powerful.


Message History

F - 4 chunks of flesh You see here a club.
An orc warrior comes into view. It is wielding a dire flail.
Eat one of 4 chunks of flesh? (ye/n/q/i?) This raw flesh tastes great.
The orc warrior shouts!
You continue eating.
The orc wizard shouts!
You continue eating.
Eat one of 3 chunks of flesh? (ye/n/q/i?) This raw flesh tastes great.
You continue eating. x2
The orc wizard gestures at you while chanting.
The puff of flame misses you.
You closely miss the orc warrior. Your kick misses the orc warrior.
The orc warrior hits you with a dire flail!
* * * LOW HITPOINT WARNING * * *
The orc wizard points at you and mumbles some strange words.
The magic dart hits you!
You die...

......#####......##########...#
##..#######.........#####...###
##.............#...###Z##....###
....................#####......##
.............#.....##...#........
#########....#.#....#._.#........
###..#.#.o....#...##.######
#..........##........##
...#..###)o@...........#### ..
#.. #####.....o.......## # #.
#####..............
#..####....)......#.#..##
#........................
##.###....#...#<....#.... #..
#.##...#.....(...)..
#...##.###.########.#....
#......##....# #......


You could see an orc warrior, an orc wizard and an orc (wandering).

Vanquished Creatures
  A hill giant (D:10)
  An ugly thing (D:8)
  The ghost of barakagiga the Firebug, a novice NaFE (D:5)
  A two-headed ogre (D:10)
  Sigmund (D:6)
  A hippogriff (D:8)
  2 hungry ghosts
  2 orc warriors
  4 sky beasts
  A black bear (D:10)
  4 wasps (D:9)
  4 ogres
  4 centaurs
  A big kobold (D:9)
  2 giant frogs
  2 scorpions
  6 killer bees (D:10)
  8 howler monkeys
  4 wights (D:7)
  A giant frog zombie (D:10)
  3 crimson imps
  3 jellies
  2 hounds (D:7)
  2 orc priests
  3 orc wizards
  2 centaur skeletons
  A giant frog skeleton (D:5)
  3 iguanas
  8 worker ants
  Robin (D:3)
  3 gnolls (D:8)
  3 howler monkey skeletons
  4 adders
  2 shadow imps (D:8)
  An adder skeleton (D:4)
  2 dart slugs (D:1)
  34 orcs
  3 giant cockroaches
  11 goblins
  6 hobgoblins
  3 jackals (D:2)
  2 quokkas
  A ball python (D:1)
  2 bats (D:1)
  A giant cockroach zombie (D:6)
  A giant gecko skeleton (D:7)
  A giant gecko zombie (D:6)
  A jackal skeleton (D:5)
  8 kobolds
  A quokka skeleton (D:4)
  A quokka zombie (D:8)
  4 rats
174 creatures vanquished.

Vanquished Creatures (others)
  A human (D:10)
  A goblin (D:3)
2 creatures vanquished.

Grand Total: 176 creatures vanquished

Notes
Turn   | Place    | Note
--------------------------------------------------------------
     0 | D:1      | Galewin the Troll Berserker began the quest for the Orb.
     0 | D:1      | Reached XP level 1. HP: 22/22 MP: 0/0
   308 | D:1      | Reached XP level 2. HP: 29/29 MP: 1/1
   927 | D:3      | Noticed Robin
   970 | D:2      | Reached XP level 3. HP: 17/36 MP: 2/2
  1002 | D:3      | Reached ** piety under Trog
  1008 | D:3      | Killed Robin
  1065 | D:3      | Found an iron altar of Okawaru.
  1183 | D:3      | Reached skill level 4 in Unarmed Combat
  1183 | D:3      | Reached XP level 4. HP: 42/44 MP: 3/3
  1703 | D:4      | Reached XP level 5. HP: 33/53 MP: 4/4
  1850 | D:4      | Reached skill level 5 in Unarmed Combat
  2082 | D:5      | Entered Level 5 of the Dungeon
  2092 | D:5      | Noticed a centaur
  2097 | D:5      | Killed a centaur
  2097 | D:5      | Reached XP level 6. HP: 56/61 MP: 5/5
  2281 | D:5      | Found a shadowy altar of Dithmenos.
  2306 | D:5      | Gained mutation: Your spells are a little harder to cast, but a little more powerful. [potion of mutation]
  2306 | D:5      | Gained mutation: You have large cloven feet. [potion of mutation]
  2306 | D:5      | Gained mutation: You tend to lose your temper in combat. [potion of mutation]
  2312 | D:5      | Found a deep blue altar of Sif Muna.
  2315 | D:5      | Found a glowing silver altar of Zin.
  2318 | D:5      | Found an iron altar of Okawaru.
  2344 | D:5      | Noticed barakagiga's ghost (novice NaFE)
  2359 | D:5      | Killed barakagiga's ghost
  2359 | D:5      | Reached skill level 6 in Unarmed Combat
  2359 | D:5      | Reached XP level 7. HP: 68/70 MP: 6/6
  2767 | D:6      | Noticed Sigmund
  2769 | D:6      | Found a staircase to the Ecumenical Temple.
  2776 | D:6      | Killed Sigmund
  2863 | D:6      | Reached *** piety under Trog
  2872 | D:6      | Reached skill level 7 in Unarmed Combat
  3082 | D:6      | Found a blossoming altar of Fedhas.
  3084 | D:6      | Found a basalt altar of Yredelemnul.
  3084 | D:6      | Found a sacrificial altar of Ru.
  3084 | D:6      | Found an ancient bone altar of Kikubaaqudgha.
  3084 | D:6      | Found a radiant altar of Vehumet.
  3084 | D:6      | Found a snail-covered altar of Cheibriados.
  3085 | D:6      | Found a sparkling altar of Nemelex Xobeh.
  3086 | D:6      | Found a shattered altar of Ashenzari.
  3199 | D:6      | Reached XP level 8. HP: 10/79 MP: 7/7
  3532 | D:6      | Reached skill level 8 in Unarmed Combat
  3550 | D:7      | Reached skill level 5 in Fighting
  3555 | D:7      | Reached skill level 5 in Dodging
  4389 | D:8      | Reached XP level 9. HP: 87/88 MP: 8/8
  4453 | D:8      | Reached skill level 9 in Unarmed Combat
  4806 | D:8      | Reached **** piety under Trog
  4959 | D:8      | Noticed a cyan ugly thing
  4971 | D:8      | Killed a cyan ugly thing
  4971 | D:8      | Reached skill level 10 in Unarmed Combat
  5232 | D:9      | Found a sacrificial altar of Ru.
  5609 | D:9      | Reached XP level 10. HP: 100/100 MP: 9/9
  5743 | D:10     | Entered Level 10 of the Dungeon
  5782 | D:10     | Reached skill level 11 in Unarmed Combat
  5998 | D:10     | Found an ancient bone altar of Kikubaaqudgha.
  6082 | D:10     | Found Icis's Food Shop.
  6140 | D:10     | Noticed a hill giant
  6310 | D:10     | Reached ***** piety under Trog
  6326 | D:10     | HP: 4/102 [hill giant/giant club (9)]
  6328 | D:10     | Killed a hill giant
  6344 | D:10     | HP: 2/102 [orc warrior/dire flail (16)]
  6344 | D:10     | Killed from afar by an orc wizard

Skill      XL: |  1  2  3  4  5  6  7  8  9 10 |
---------------+-------------------------------+-----
Unarmed Combat | 4 5 6 7 8 10 11 | 11.4
Dodging        | 3 4 5 6 |  6.9
Fighting       | 3 4 5 6 7 |  7.1

Action                   |  1- 3 |  4- 6 |  7- 9 | 10-12 || total
-------------------------+-------+-------+-------+-------++-------
Melee: Unarmed           |    72 |    83 |   271 |    85 ||   511
       Punch             |       |     1 |     6 |     6 ||    13
       Kick              |       |     5 |    77 |    29 ||   111
Invok: Berserk           |     1 |     1 |     2 |       ||     4
       Burn Spellbooks   |       |     2 |     4 |     1 ||     7
       Trog's Hand       |       |       |     2 |     1 ||     3
  Use: Potion            |       |    10 |     1 |       ||    11
       Scroll            |       |     9 |     7 |     1 ||    17
  Eat: Chunk             |    17 |     7 |    33 |     5 ||    62
       Bread ration      |       |       |     2 |     1 ||     3
Armor: Animal skin       |    28 |    20 |    90 |    20 ||   158
Dodge: Dodged            |    51 |    23 |   146 |    69 ||   289
